Map: Battle on the Boardwalk LE

Players

LiquidSnute (Snute) - Winner!

  • Race: Zerg Zerg
  • League: Master
  • Spawn Location: 11:00

aLive

  • Race: Terran Terran
  • Spawn Location: 1:00

Event: HomeStory Cup XVI

VOD

Have the link to the VOD?

Description

Time

  • Played on: Nov. 11, 2017, 10:15 a.m.
  • Length: 40:22

All games in this series

Show
View Real Time Build Order
Export as new Build Order

LiquidSnute Zerg - Winner!

Build Orders: Pool First 

Get SALT Encoding   

  12  0:00  Drone  
  13  0:12  Overlord  
  13  0:17  Drone  
  14  0:30  Drone x2  
  16  0:36  Drone  
  17  0:44  Spawning Pool  
  17  0:49  Drone  
  17  1:08  Hatchery  
  16  1:11  Drone  
  16  1:14  Drone  
  16  1:17  Extractor  
  17  1:19  Drone  
  18  1:31  Queen  
  20  1:33  Zergling x2  
  21  1:40  Overlord  
  21  1:50  Drone  
  22  2:01  Drone  
  23  2:07  Queen  
  25  2:11  Drone  
  26  2:21  Drone, Metabolic Boost  
  26  2:22  Drone  
  28  2:23  Queen  
  30  2:32  Drone  
  30  2:33  Drone  
  32  2:39  Overlord  
  32  2:40  Drone x2  
  32  2:43  Drone  
  34  2:46  Drone  
  35  2:53  Drone  
  35  2:58  Drone  
  37  3:06  Hatchery  
  37  3:07  Drone x2  
  38  3:14  Overlord  
  38  3:15  Drone x2  
  38  3:16  Drone  
  38  3:17  Drone  
  42  3:20  Drone  
  42  3:21  Drone  
  44  3:31  Overlord  
  44  3:34  Queen, Zergling x2  
  45  3:36  Queen  
  45  3:39  Zergling x2  
  50  3:43  Zergling x2  
  50  3:52  Drone x3  
  51  3:57  Drone x2  
  51  3:58  Drone  
  51  4:02  Drone x2  
  56  4:06  Drone  
  56  4:09  Drone  
  58  4:14  Drone  
  59  4:17  Overlord  
  59  4:19  Drone  
  59  4:21  Drone  
  61  4:28  Drone  
  61  4:29  Drone  
  61  4:30  Drone x2  
  66  4:31  Drone  
  66  4:34  Drone  
  66  4:36  Drone x2  
  67  4:39  Drone  
  67  4:42  Queen x2  
  71  4:45  Evolution Chamber  
  71  4:46  Evolution Chamber  
  71  4:48  Drone x2  
  71  4:50  Extractor x2, Drone  
  71  4:52  Extractor x2, Overlord  
  70  4:53  Extractor  
  70  4:56  Drone  
  70  4:59  Drone x3  
  71  5:00  Hatchery  
  71  5:02  Drone  
  71  5:05  Drone  
  72  5:07  Drone  
  72  5:11  Zerg Ground Armor Level 1  
  72  5:12  Zerg Missile Weapons Level 1  
  74  5:14  Drone x3  
  74  5:15  Drone x2  
  74  5:17  Drone x2  
  74  5:18  Drone  
  74  5:21  Roach Warren  
  80  5:24  Overlord, Lair  
  80  5:28  Overlord  
  80  5:30  Spore Crawler  
  80  5:32  Spore Crawler, Drone  
  80  5:33  Drone  
  81  5:35  Drone  
  81  5:37  Overlord  
  81  5:42  Overlord  
  81  5:44  Queen  
  83  5:50  Overlord  
  83  5:57  Drone  
  83  5:58  Drone x3  
  83  5:59  Drone  
  83  6:01  Roach x6  
  100  6:05  Roach x2  
  100  6:08  Roach x2  
  100  6:10  Roach  
  110  6:14  Roach x2  
  110  6:15  Roach  
  110  6:17  Overlord  
  116  6:25  Glial Reconstitution  
  116  6:26  Infestation Pit  
  116  6:28  Roach x4  
  116  6:31  Roach x2  
  127  6:34  Overlord  
  127  6:36  Overlord  
  127  6:37  Roach x2  
  131  6:46  Roach  
  131  6:47  Roach  
  135  6:50  Spore Crawler  
  135  6:51  Drone  
  135  6:52  Drone x2  
  135  6:53  Drone x4  
  141  6:54  Overlord  
  141  6:56  Extractor, Drone x3  
  141  6:58  Roach x2, Extractor  
  146  7:02  Spore Crawler  
  146  7:05  Spore Crawler  
  146  7:06  Hive  
  144  7:13  Zerg Missile Weapons Level 2, Spire  
  143  7:18  Infestor x3  
  143  7:22  Drone x3  
  152  7:33  Burrow, Zerg Ground Armor Level 2  
  152  8:05  Spore Crawler  
  152  8:08  Ravager x4, Overlord x3  
  152  8:09  Overlord  
  155  8:24  Queen x2  
  155  8:27  Greater Spire  
  157  8:32  Roach  
  157  8:33  Roach x3  
  165  8:36  Ravager  
  165  8:37  Ravager  
  165  8:38  Ravager  
  168  8:45  Corruptor x6  
  180  9:00  Drone x4  
  184  9:07  Roach x5  
  184  9:08  Roach  
  184  9:09  Hatchery  
  189  9:10  Overlord x2  
  174  9:21  Roach x11  
  174  9:22  Roach x6  
  187  9:34  Ravager  
  184  9:40  Brood Lord x4  
  184  9:44  Roach x2  
  184  9:45  Roach x5  
  196  9:46  Queen x2  
  200  9:55  Hatchery  
  195  10:06  Roach x2  
  195  10:07  Roach x7, Queen  
  172  10:18  Roach  
  172  10:19  Roach x3  
  172  10:21  Brood Lord  
  172  10:22  Queen, Brood Lord  
  172  10:23  Queen  
  170  10:41  Infestor x2  
  166  10:43  Queen  
  166  10:49  Infestor  
  170  10:58  Queen  
  170  10:59  Queen  
  174  11:06  Hatchery  
  174  11:08  Spore Crawler  
  174  11:09  Infestor x2  
  176  11:13  Roach x2  
  176  11:14  Roach x2  
  176  11:15  Spore Crawler  
  176  11:18  Spore Crawler x2, Queen  
  174  11:33  Queen  
  174  11:35  Queen  
  174  11:38  Roach x2  
  174  11:39  Roach x13  
  185  11:54  Roach x2  
  185  11:55  Roach x4  
  193  12:08  Roach x3  
  199  12:21  Zerg Missile Weapons Level 3, Zerg Ground Armor Level 3  
  199  12:23  Zerg Flyer Armor Level 1  
  199  12:29  Spore Crawler  
  198  12:31  Spore Crawler  
  197  12:38  Hatchery  
  196  12:48  Ravager x4  
  200  12:54  Pneumatized Carapace  
  200  13:20  Spore Crawler  
  200  13:23  Spore Crawler  
  198  13:37  Spore Crawler  
  198  13:39  Spore Crawler  
  196  13:43  Drone x4  
  200  14:17  Spore Crawler  
  200  14:18  Spore Crawler  
  200  14:19  Zerg Flyer Armor Level 2  
  200  14:22  Spore Crawler x2  
  194  14:27  Viper x2  
  198  14:37  Drone x2  
  200  14:55  Spore Crawler  
  200  14:56  Spore Crawler  
  198  15:02  Zerg Melee Weapons Level 1  
  198  15:04  Pathogen Glands  
  198  15:07  Drone x2  
  200  15:15  Spore Crawler x2  
  200  15:17  Spore Crawler  
  200  15:18  Spore Crawler  
  196  15:23  Ultralisk Cavern  
  193  15:42  Infestor x3  
  167  16:13  Infestor x4  
  167  16:14  Roach  
  175  16:23  Corruptor x8  
  187  16:27  Drone x6  
  187  16:28  Drone x2  
  187  16:29  Ravager  
  187  16:30  Ravager  
  187  16:31  Ravager x2  
  199  16:34  Ravager  
  199  16:37  Chitinous Plating  
  199  16:38  Zerg Flyer Armor Level 3, Adrenal Glands  
  200  16:43  Roach x10  
  200  16:46  Spore Crawler x2  
  198  16:48  Spore Crawler  
  197  16:57  Zerg Melee Weapons Level 2  
  197  17:12  Viper  
  198  17:48  Drone x2  
  200  18:19  Spore Crawler  
  199  18:20  Spore Crawler  
  199  18:21  Spore Crawler  
  193  18:46  Infestor x2  
  195  18:57  Brood Lord  
  195  18:58  Brood Lord  
  195  18:59  Spore Crawler  
  195  19:01  Spore Crawler  
  197  19:03  Extractor, Spore Crawler  
  197  19:07  Spore Crawler x2  
  193  19:21  Spore Crawler x3, Brood Lord x2  
  193  19:22  Brood Lord x2  
  193  19:24  Spore Crawler x2  
  197  19:26  Spore Crawler x2  
  197  19:27  Spore Crawler  
  197  19:28  Spore Crawler  
  197  19:30  Spore Crawler x2  
  190  19:40  Neural Parasite  
  190  19:59  Corruptor  
  178  20:00  Corruptor x6  
  178  20:04  Spore Crawler x2  
  178  20:06  Spore Crawler, Viper x2  
  195  20:07  Spore Crawler  
  194  20:18  Spore Crawler  
  193  20:40  Corruptor x2  
  193  20:41  Corruptor  
  195  21:43  Extractor  
  195  21:46  Brood Lord  
  198  21:47  Brood Lord  
  198  21:53  Evolution Chamber  
  197  21:54  Evolution Chamber  
  197  21:55  Evolution Chamber  
  197  21:58  Hatchery  
  194  22:22  Roach x6  
  192  22:32  Brood Lord x2  
  196  23:19  Corruptor x6  
  198  23:33  Overseer x3  
  198  23:44  Spore Crawler  
  198  23:47  Extractor  
  196  23:57  Zerg Flyer Weapons Level 1  
  196  23:58  Zerg Melee Weapons Level 3  
  196  24:17  Drone x4  
  198  24:22  Extractor  
  199  24:24  Drone  
  200  25:44  Overseer x2  
  194  25:58  Viper x2  
  200  27:02  Overseer x3  
  196  27:38  Zerg Flyer Weapons Level 2  
  196  28:26  Corruptor  
  196  28:27  Corruptor  
  198  29:35  Infestor x3  
  198  30:41  Queen  
  200  31:04  Evolution Chamber x2  
  199  31:05  Evolution Chamber  
  199  31:06  Evolution Chamber  
  192  31:47  Spore Crawler x2  
  192  31:48  Spore Crawler  
  192  31:49  Spore Crawler  
  192  31:50  Spore Crawler  
  181  32:11  Brood Lord x2  
  185  32:16  Corruptor x2  
  185  32:17  Corruptor x5  
  199  32:26  Zerg Flyer Weapons Level 3  
  197  34:47  Brood Lord  
  196  36:02  Viper  
  197  37:34  Corruptor  
  195  38:21  Corruptor x2  
  195  39:21  Corruptor x4  
  189  39:45  Corruptor x5  
  195  39:57  Brood Lord x2  
Show
View Real Time Build Order
Export as new Build Order

aLive Terran 

Build Orders: Reaper Expand, MMM Bio 

Get SALT Encoding   

  12  0:00  SCV  
  13  0:13  SCV  
  14  0:17  Supply Depot  
  14  0:25  SCV  
  15  0:39  SCV  
  15  0:40  Barracks  
  16  0:44  Refinery  
  16  0:51  SCV  
  17  1:03  SCV  
  18  1:15  SCV  
  19  1:27  Reaper  
  19  1:28  Orbital Command  
  20  1:39  Command Center  
  20  1:51  Supply Depot  
  20  1:54  SCV  
  20  1:59  Marine  
  22  2:06  SCV  
  23  2:08  Factory  
  23  2:18  SCV  
  23  2:22  Barracks Reactor  
  24  2:31  SCV  
  25  2:43  SCV  
  26  2:46  Command Center  
  26  2:51  Orbital Command  
  26  2:55  SCV  
  27  3:03  Hellion x2  
  31  3:07  SCV  
  31  3:09  Barracks Tech Lab  
  32  3:18  SCV  
  32  3:19  SCV  
  34  3:31  Stimpack, SCV  
  34  3:32  Barracks, SCV  
  34  3:33  Factory Reactor  
  36  3:37  Refinery, Barracks  
  36  3:40  Refinery  
  36  3:43  SCV  
  36  3:44  SCV  
  36  3:45  Marine  
  36  3:55  SCV  
  36  3:56  SCV  
  37  4:03  Orbital Command, Bunker  
  37  4:05  Marine  
  37  4:08  SCV  
  38  4:10  Engineering Bay  
  38  4:12  Engineering Bay  
  38  4:15  SCV  
  39  4:20  SCV  
  39  4:23  Marine  
  40  4:26  Starport  
  40  4:27  SCV  
  37  4:32  SCV  
  37  4:35  Marine, Factory Reactor  
  37  4:36  Marine  
  38  4:41  Terran Infantry Weapons Level 1  
  38  4:44  SCV x3  
  41  4:54  Supply Depot  
  41  4:56  SCV x3  
  44  5:00  Terran Infantry Armor Level 1  
  44  5:02  Marine x5  
  49  5:08  SCV x3  
  49  5:14  Orbital Command  
  52  5:16  Medivac x2  
  52  5:18  Supply Depot  
  57  5:22  SCV  
  57  5:23  SCV  
  58  5:29  Factory Tech Lab  
  58  5:33  Combat Shields, Barracks  
  58  5:34  Barracks  
  58  5:35  SCV x2  
  60  5:38  Refinery  
  60  5:41  Marine x3  
  60  5:42  Marine x2  
  65  5:46  SCV  
  65  5:47  SCV x2  
  68  5:50  Supply Depot  
  68  5:54  Siege Tank  
  71  5:58  SCV  
  71  5:59  SCV x2  
  74  6:05  Armory  
  74  6:10  SCV  
  74  6:11  SCV x2  
  77  6:12  Supply Depot  
  77  6:18  Barracks x2  
  77  6:20  Barracks  
  77  6:22  Barracks Reactor, SCV  
  77  6:23  SCV x2, Barracks Reactor  
  80  6:36  SCV  
  80  6:37  SCV x2  
  80  6:39  Marine x5  
  88  6:41  Medivac x2  
  92  6:48  Supply Depot  
  92  6:49  Supply Depot  
  92  6:50  Supply Depot  
  92  6:52  SCV  
  93  6:59  Terran Infantry Weapons Level 2  
  93  7:00  Terran Infantry Armor Level 2  
  93  7:09  Barracks Tech Lab x3  
  93  7:10  Supply Depot, SCV x2  
  93  7:11  Supply Depot, Marine x2  
  93  7:12  Marine  
  93  7:13  Supply Depot, Marine  
  93  7:15  Marine x2  
  101  7:16  Marine x2  
  103  7:24  Marauder  
  105  7:31  Concussive Shells  
  105  7:32  Marauder x3  
  105  7:36  Supply Depot x3  
  111  7:37  Supply Depot  
  111  7:40  Marine x8  
  111  7:44  Medivac x2  
  125  7:58  Marauder  
  125  7:59  Marauder x3  
  125  8:01  Marine  
  125  8:02  Marine x7  
  138  8:07  Supply Depot  
  138  8:08  Supply Depot  
  138  8:09  Supply Depot  
  138  8:19  Marine x3  
  139  8:20  Marauder x3, Marine x5  
  139  8:21  Marauder  
  139  8:24  Medivac x2  
  148  8:39  Liberator x2  
  148  8:40  Marine x6  
  148  8:41  Marine x2  
  156  8:43  Marauder x4  
  163  9:02  Marine x8  
  166  9:23  Marauder x4, Marine x5  
  163  9:43  Marine x8  
  163  9:44  Marauder x2  
  163  9:45  Marauder x2  
  164  9:47  Medivac x2  
  164  9:50  Terran Infantry Weapons Level 3  
  168  10:00  Marine  
  168  10:01  Marine  
  168  10:06  Marauder  
  152  10:07  Marauder, Marine x2  
  152  10:08  Marauder x2, Marine x4  
  158  10:19  Viking  
  158  10:20  Viking  
  150  10:27  Marauder, Marine x8  
  160  10:28  Marine  
  160  10:29  Refinery  
  130  10:43  Command Center  
  130  10:45  Marine x4  
  130  10:46  Marine x4  
  132  10:50  Terran Infantry Armor Level 3  
  132  11:01  Marauder x4  
  140  11:11  Marine  
  140  11:12  Medivac, Marine x7  
  140  11:13  Medivac  
  151  11:35  Marauder x4, Marine  
  141  11:50  Marine  
  141  11:51  Marine x6  
  141  11:52  Medivac x2  
  141  11:53  Marine  
  150  11:56  Marauder x2  
  150  11:57  Marauder x2  
  145  12:12  Planetary Fortress  
  143  12:16  Barracks  
  143  12:18  Terran Ship Weapons Level 1  
  143  12:19  Starport, Barracks  
  143  12:23  Refinery x2  
  143  12:29  Refinery, Marauder x3, Marine x6  
  154  12:30  Marauder, Marine x2  
  154  12:33  Viking x2  
  161  12:54  Ghost Academy  
  161  12:56  Command Center  
  161  12:58  Starport Reactor  
  161  13:03  Marine  
  161  13:04  Marine x7  
  165  13:13  Viking x2  
  165  13:27  Ghost x2  
  165  13:28  Ghost  
  171  13:40  Viking x2  
  175  13:44  Barracks Reactor  
  175  13:56  Marine x8  
  175  13:57  Viking  
  175  13:59  Viking  
  186  14:06  Ghost  
  188  14:17  Ghost x2  
  192  14:28  Viking x2  
  192  14:29  Viking  
  198  14:32  Viking  
  200  14:46  Planetary Fortress  
  200  14:55  Command Center  
  200  15:07  Terran Ship Weapons Level 2  
  200  15:09  Barracks  
  200  15:10  Barracks  
  200  15:11  Barracks  
  195  15:42  Marauder x4, Marine  
  200  15:55  Liberator x3  
  190  16:10  Marine x10  
  143  16:14  Ghost x4  
  131  16:26  Ghost  
  131  16:27  Barracks Tech Lab  
  131  16:28  Liberator, Barracks Reactor, Barracks Tech Lab  
  133  16:34  Moebius Reactor  
  133  16:42  Ghost x3  
  133  16:43  Ghost, Planetary Fortress  
  133  16:47  Starport x2  
  144  16:49  Fusion Core  
  144  16:50  Ghost x2  
  144  16:53  Refinery  
  148  16:54  Refinery, Ghost  
  150  17:02  Missile Turret  
  150  17:03  Sensor Tower, Missile Turret x2  
  150  17:04  Missile Turret  
  150  17:25  Starport Reactor, Starport Tech Lab  
  150  17:30  Nuke  
  133  17:45  Advanced Ballistics  
  133  17:46  Ghost x2  
  133  17:47  Ghost x5  
  133  17:48  Terran Ship Weapons Level 3  
  144  18:01  Liberator x4  
  144  18:05  Hi-Sec Auto Tracking, Building Armor  
  144  18:17  Missile Turret  
  155  18:20  Viking x3, Missile Turret  
  155  18:36  Liberator  
  139  18:48  Marine  
  139  18:49  Marine x10  
  139  18:50  Marine  
  139  18:55  Ghost x2  
  154  18:56  Marauder x5  
  164  19:03  Nuke  
  164  19:08  Ghost Academy  
  162  19:32  Viking x2  
  162  19:33  Viking x4, Marine  
  162  19:34  Marine x8  
  183  19:52  Nuke x2  
  181  20:00  Viking  
  181  20:02  Viking x2  
  181  20:03  Viking x3, Missile Turret  
  181  20:06  Missile Turret  
  193  20:19  Viking  
  195  20:27  Terran Vehicle And Ship Armor Level 1  
  193  20:30  Viking  
  193  20:32  Viking x2, Missile Turret  
  193  20:33  Missile Turret x2  
  193  20:34  Refinery  
  193  20:35  Refinery  
  176  20:50  Viking x2  
  196  21:04  Nuke  
  190  21:37  Viking  
  190  21:38  Viking x4  
  200  21:50  Missile Turret  
  200  21:51  Missile Turret x3  
  200  21:53  Missile Turret  
  200  21:55  Sensor Tower  
  198  22:14  Viking x4  
  200  22:15  Missile Turret  
  200  22:16  Missile Turret x2  
  191  22:39  Marauder x2  
  191  22:40  Marauder x2  
  199  22:49  Marine  
  199  22:52  Nuke x2  
  199  22:56  Ghost Academy  
  199  22:57  Ghost Academy  
  199  23:03  Missile Turret  
  195  23:23  Viking x2  
  199  23:32  Nuke x2  
  199  23:44  Marine  
  200  23:50  Missile Turret  
  200  23:51  Missile Turret x4  
  200  23:52  Missile Turret  
  200  23:53  Missile Turret  
  200  23:55  Sensor Tower, Missile Turret  
  192  24:05  Viking x3  
  192  24:06  Viking  
  200  24:10  Nuke x2  
  200  24:28  Ghost Academy  
  200  24:29  Ghost Academy  
  197  24:34  Nuke  
  195  25:02  Nuke  
  195  25:03  Nuke x2  
  195  25:18  Ghost x3  
  199  25:44  Missile Turret  
  199  25:45  Missile Turret  
  199  25:47  Missile Turret x2  
  199  25:49  Missile Turret  
  185  26:00  Viking x7  
  197  26:04  Marine  
  197  26:15  Terran Vehicle And Ship Armor Level 2  
  195  26:37  Ghost x2  
  199  26:41  Nuke x2  
  199  27:20  Liberator x2  
  189  27:38  Viking x2  
  199  27:51  Unknown x2  
  199  27:53  Nuke  
  197  28:26  Viking x4  
  188  28:52  Viking x3  
  194  28:56  Viking x3  
  200  29:03  Liberator  
  194  29:22  Viking  
  199  29:29  Nuke x2  
  184  29:49  Viking x5  
  188  30:13  Marauder x4  
  188  30:14  Marauder  
  196  30:47  Nuke x4  
  196  31:25  Ghost x4  
  188  31:30  Medivac  
  193  31:53  Unknown x3  
  193  31:54  Unknown x5  
  193  32:10  Marauder x3  
  199  32:16  Unknown x4  
  199  32:17  Unknown x8  
  199  32:18  Unknown x3  
  197  32:47  Nuke x3  
  195  33:07  Nuke  
  195  33:08  Nuke  
  195  33:24  Missile Turret  
  195  33:25  Missile Turret  
  170  34:35  Viking x2  
  172  35:33  Unknown x2  
  167  36:08  Nuke  
  167  36:09  Nuke  
Tags
 
Add a new tag
Caveats
  • Supply blocks, unpowered buildings, or Contaminate may cause inaccurate times.
  • Supply counts are checked every 10 seconds.